 Dungeon Crawl Stone Soup version 0.15.0-12-gccce430 (webtiles) character file.

25 Johnny the Firebug (level 2, 0/20 HPs)
             Began as a Demigod Fire Elementalist on Sept 2, 2014.
             Slain by an ooze (1 damage)
             ... on Level 1 of the Dungeon.
             The game lasted 00:04:31 (1597 turns).

Johnny the Firebug (Demigod Fire Elementalist)      Turns: 1597, Time: 00:04:31

HP   0/20        AC  3     Str 11      XL: 2   Next: 66%
MP   0/4         EV 11     Int 19      God:
Gold 46          SH  0     Dex 17      Spells:  2 memorised,  2 levels left

rFire  . . .     SeeInvis .     d - +0 dagger
rCold  . . .     Clarity  .     f - +0 leather armour (curse)
rNeg   . . .     rCorr    .     (no shield)
rPois  .         rRot     .     (no helmet)
rElec  .         Spirit   .     (no cloak)
SustAb .         Warding  .     (no gloves)
rMut   .         Stasis   .     (no boots)
Gourm  .                        (no amulet)
MR     .....                    (no ring)
                                (no ring)

@: about to teleport, not resistant to hostile enchantments, unstealthy
A: fangs 1, low mp 1, screaming 1
a: no special abilities


You were on level 1 of the Dungeon.
You were not hungry.

You visited 1 branch of the dungeon, and saw 2 of its levels.

You collected 46 gold pieces.

Inventory:

Hand weapons
 d - a +0 dagger (weapon)
Armour
 a - a +0 robe
 f - a cursed +0 leather armour (worn)
Comestibles
 c - a bread ration
Scrolls
 e - a scroll of teleportation
 g - a scroll of fear {unknown}
 i - a scroll of fog {unknown}
Books
 b - a book of Flames

   Spells                             Type                      Level
   *Flame Tongue                      Conjuration/Fire             1
   *Throw Flame                       Conjuration/Fire             2
   Conjure Flame                      Conjuration/Fire             3
   Inner Flame                        Hexes/Fire                   3
   Sticky Flame                       Conjuration/Fire             4
   Fireball                           Conjuration/Fire             5


   Skills:
 + Level 0.1 Fighting
 + Level 2.0 Dodging
 + Level 1.8 Stealth
 + Level 2.1 Spellcasting
 + Level 1.2 Conjurations
 + Level 3.0 Fire Magic


You had 2 spell levels left.
You knew the following spells:

 Your Spells              Type           Power        Failure   Level  Hunger
a - Flame Tongue          Conj/Fire      ##...        10%         1    #......
b - Throw Flame           Conj/Fire      ##....       12%         2    ##.....


Dungeon Overview and Level Annotations

Branches:
Dungeon (2/15)


Innate Abilities, Weirdness & Mutations

You have very sharp teeth.
Your magical capacity is low (-10% MP).
You occasionally shout uncontrollably at your foes.


Message History

You feel extremely strange.
Your teeth lengthen and sharpen.
You feel the urge to shout.
You feel less energetic.
It was a potion of mutation.
The hobgoblin barely misses you. The ooze closely misses you.
You aren't carrying any potions.
Read which item? (? for menu, Esc to quit)
As you read the scroll labeled JEUFOJUGHAI, it crumbles to dust.
You feel strangely unstable.
It was a scroll of teleportation.
The hobgoblin hits you but does no damage.
The ooze hits you.
* * * LOW HITPOINT WARNING * * *
You hit the ooze.
The ooze is almost dead.
The hobgoblin closely misses you. The ooze hits you.
* * * LOW HITPOINT WARNING * * *
The hobgoblin hits you.
* * * LOW HITPOINT WARNING * * *
The ooze hits you.
You die...

.# #.#.#######.# .#
#.#.##....#.# .#
#.#.##.##.#.# .#
#.#.##.##.#.# ##
#.#.##.##.#.#
#.#.##.##.#.#
#.#.##.##.#.#
######.#.##.##.#J#
..........)....g@#
..####'#.##.##.###
..##......#.##.#
..++......#.##.#
..##......#.##.##########
########.##.#...........#
#.##.#..########.#
#.##.#..#####..#.##
#.##.#...%........#


You could see an ooze and a hobgoblin.

Vanquished Creatures
  A giant gecko (D:1)
  4 goblins (D:1)
  4 hobgoblins
  3 kobolds (D:1)
  A quokka (D:1)
  4 bats (D:1)
  4 rats (D:1)
21 creatures vanquished.

Notes
Turn   | Place    | Note
--------------------------------------------------------------
     0 | D:1      | Johnny, the Demigod Fire Elementalist, began the quest for the Orb.
     0 | D:1      | Reached XP level 1. HP: 14/14 MP: 3/3
   635 | D:1      | Reached XP level 2. HP: 20/20 MP: 1/5
   867 | D:1      | Reached skill level 1 in Conjurations
   999 | D:1      | Reached skill level 3 in Fire Magic
  1408 | D:1      | Learned a level 2 spell: Throw Flame
  1594 | D:1      | Gained mutation: You have very sharp teeth. [potion of mutation]
  1594 | D:1      | Gained mutation: You occasionally shout uncontrollably at your foes. [potion of mutation]
  1594 | D:1      | Gained mutation: Your magical capacity is low (-10% MP). [potion of mutation]
  1597 | D:1      | HP: 1/20 [hobgoblin (3)]
  1597 | D:1      | Slain by an ooze

Action                   || total
-------------------------++-------
Melee: Dagger            ||    29
       Unarmed           ||     3
 Cast: Flame Tongue      ||    33
       Throw Flame       ||     5
  Use: Scroll            ||     1
       Potion            ||     1
  Eat: Bread ration      ||     1
